 Dungeon Crawl Stone Soup version 0.31-a0-977-gc230f8ef24 (webtiles) character file.

Game seed: 1170891151810614835

2 timneilson the Ruffian (level 1, -3/15 HPs)
             Began as a Human Shapeshifter on Oct 29, 2023.
             Frozen to death by an endoplasm (5 damage)
             ... on level 1 of the Dungeon.
             The game lasted 00:00:19 (56 turns).

timneilson the Ruffian (Human Shapeshifter)           Turns: 56, Time: 00:00:19

Health: -3/15      AC:  2    Str: 14    XL:     1   Next: 44%
Magic:  1/1        EV: 12    Int: 10    God:
Gold:   0          SH:  0    Dex: 12    Spells: 0/0 levels left

rFire   . .          .
                       - Unarmed
rCold   . . .        (no shield)
rNeg    . . .        a - +0 animal skin
rPois   .            (helmet currently unavailable)
rElec   .            (cloak currently unavailable)
rCorr   .            (gloves currently unavailable)
SInv    .            (boots currently unavailable)
Will    .....        (no amulet)
Stlth   +            (no ring)
HPRegen 0.22/turn    (no ring)
MPRegen 0.07/turn

%: no passive effects
@: beast-form
A: beast (slay +1)
a: Begin Untransformation


You were on level 1 of the Dungeon.
You were a hulking beast.
You visited 1 branch of the dungeon, and saw 1 of its levels.

Inventory:

Armour
 a - a +0 animal skin (worn)
Talismans
 c - a beast talisman
 d - a flux talisman
Potions
 b - a potion of lignification


   Skills:
 * Level 1.0 Fighting
 + Level 0.0 Armour
 + Level 2.0 Dodging
 + Level 0.0 Stealth
 * Level 3.0 Unarmed Combat
 + Level 0.0 Spellcasting
 * Level 3.0 Shapeshifting


You couldn't memorise any spells.
You didn't know any spells.
Your spell library was empty.

Dungeon Overview and Level Annotations

Branches:
Dungeon (1/15)

Altars:


Message History

There is an open door here.
A quokka comes into view.
You closely miss the quokka. The quokka barely misses you.
You hit the quokka but do no damage. The quokka closely misses you.
You barely miss the quokka. The quokka bites you.
You barely miss the quokka. The quokka bites you.
You closely miss the quokka. The quokka closely misses you.
You hit the quokka. You punch the quokka.
The quokka is almost dead.
The quokka bites you.
You hit the quokka.
You kill the quokka!
Unknown command.
HP restored.
A kobold comes into view. It is wielding a +0 whip.
The kobold shouts!
You closely miss the kobold. The kobold hits you with a +0 whip.
You closely miss the kobold. The kobold closely misses you.
You punch the kobold!
You kill the kobold!
An endoplasm comes into view.
Found a pair of gloves.
The endoplasm quivers.
You hit the endoplasm.
The endoplasm is lightly wounded.
The endoplasm freezes you.
You are frozen.
You hit the endoplasm.
The endoplasm is heavily wounded.
The endoplasm hits you.
You hit the endoplasm.
The endoplasm is almost dead.
The endoplasm freezes you.
You are frozen.
* * * LOW HITPOINT WARNING * * *
You barely miss the endoplasm.
The endoplasm is almost dead.
The endoplasm freezes you.
You are frozen.
You die...

#.........###
#####.<..........
#>..'........#
#####........##
#.....#...##
#....###...##
###†## ##.).##
#.# ##...## #.#
##h..#
#........J.##
##^......###
......# ......
...... [....
.....


You could see an endoplasm.

Vanquished Creatures
  A kobold (D:1)
  A quokka (D:1)
2 creatures vanquished.

Notes
Turn   | Place    | Note
-------+----------+-------------------------------------------
     0 | D:1      | timneilson the Human Shapeshifter began the quest for the
                  | Orb.
     0 | D:1      | Reached XP level 1. HP: 15/15 MP: 1/1
    56 | D:1      | Frozen to death by an endoplasm

Illustrated notes

Levels and vault maps discovered:
D:1:      elethiomel_arrival_shortcut, layout_basic

Action                     || total
---------------------------++-------
  Melee: Unarmed           ||    14
         Punch             ||     1
 Armour: Animal skin       ||     5
  Dodge: Dodged            ||     4

Table legend: (Time is in decaauts)
 A = Elapsed time spent in this place.
 B = Non-inter-level travel time spent in this place.
 C = Inter-level travel time spent in this place.
 D = Time resting spent in this place.
 E = Time spent auto-exploring this place.
 F = Levels seen in this place.
 G = Mean time per level.
                   A        B        C        D        E       F      G
               +--------+--------+--------+--------+--------+-----+--------+
         Total |     55 |     55 |      0 |      0 |     32 |   1 |   55.0 |
       Dungeon |     55 |     55 |      0 |      0 |     32 |   1 |   55.0 |
               +--------+--------+--------+--------+--------+-----+--------+

Top non-repeatable levels by time:
     D:1: 55 daAuts
